 Dungeon Crawl Stone Soup version 0.24-a0-528-g98e85ec62a (webtiles) character file.

Game seed: 1223314525188633110

644 Elric the Slasher (level 7, -1/63 HPs)
             Began as a Minotaur Fighter on Aug 5, 2019.
             Was a Follower of the Shining One.
             Succumbed to a gnoll's poison
             ... on level 5 of the Dungeon.
             The game lasted 00:07:36 (3878 turns).

Elric the Slasher (Minotaur Fighter)                Turns: 3878, Time: 00:07:36

Health: -1/63      AC:  8    Str: 23    XL:     7   Next: 27%
Magic:  6/6        EV:  8    Int: 10    God:    the Shining One [*.....]
Gold:   225        SH: 10    Dex:  9    Spells: 6/6 levels left

rFire    . . .     SeeInvis .   a - +0 long sword
rCold    . . .     Gourm    .   c - +0 shield
rNeg     . . .     Faith    +   b - +0 scale mail
rPois    .         Spirit   .   (helmet restricted)
rElec    .         Reflect  .   (no cloak)
rCorr    .         Harm     .   (no gloves)
MR       .....                  o - +0 pair of boots
Stlth    ..........             v - amulet of faith
HPRegen  0.20/turn              m - ring of wizardry
MPRegen  0.10/turn              n - ring of flight

@: brilliant, lethally poisoned (-1 -> -30), berserk cooldown, slowed, glowing,
very slow
A: retaliatory headbutt, horns 2
a: Renounce Religion, Evoke Flight


You were on level 5 of the Dungeon.
You worshipped the Shining One.
The Shining One was aware of your devotion.
You were not hungry.

You visited 1 branch of the dungeon, and saw 5 of its levels.

You collected 225 gold pieces.

Inventory:

Hand Weapons
 a - a +0 long sword (weapon)
Armour
 b - a +0 scale mail (worn)
 c - a +0 shield (worn)
 o - a +0 pair of boots (worn)
Jewellery
 m - a ring of wizardry (left hand)
 n - a ring of flight (right hand)
 v - an amulet of faith (around neck)
Scrolls
 e - a scroll of enchant armour {unknown}
 g - 6 scrolls of identify {unknown}
 h - 8 scrolls of teleportation {unknown}
 i - 3 scrolls of remove curse {unknown}
 j - 2 scrolls of immolation {unknown}
 q - 2 scrolls of amnesia {unknown}
 u - a scroll of blinking {unknown}
Potions
 d - a potion of might
 k - a potion of haste {unknown}
 l - a potion of heal wounds {unknown}
 r - a potion of degeneration {unknown}
 s - a potion of brilliance
 t - a potion of mutation {unknown}
 x - a potion of lignification {unknown}
Comestibles
 f - 13 rations


   Skills:
 + Level 6.2 Fighting
 + Level 6.6 Long Blades
 - Level 4.5 Armour
 - Level 1.2 Dodging
 - Level 0.5 Stealth
 - Level 5.0 Shields


You had 6 spell levels left.
You didn't know any spells.
Your spell library was empty.

Dungeon Overview and Level Annotations

Branches:
Dungeon (5/15)
 Temple: D:4-7

Altars:
Sif Muna
The Shining One


Innate Abilities, Weirdness & Mutations

You reflexively headbutt those who attack you in melee.
You have a pair of horns on your head.


Message History

The gnoll hits you with a +1 spear of venom.
* * * LOW HITPOINT WARNING * * *
You are more poisoned.
The gnoll hits you with a +1 spear of venom.
* * * LOW HITPOINT WARNING * * *
You are more poisoned.
You slash the gnoll!
You kill the gnoll!
* * * LOW HITPOINT WARNING * * *
You feel very sick.
You are too berserk!
* * * LOW HITPOINT WARNING * * *
You feel sick.
You feel a strong urge to attack something.
* * * LOW HITPOINT WARNING * * *
You feel sick.
You are no longer berserk.
You are exhausted.
You feel yourself slow down.
You die...

#....# #....#
####''''#############
.......)............#
≈≈≈≈..).≈)≈≈≈≈≈≈≈≈≈≈##
≈≈≈≈....≈≈≈≈≈≈≈≈≈≈≈≈≈≈
≈≈≈≈...)≈≈≈≈≈≈≈≈≈≈≈≈≈≈
..........)...)......)
####..#####@##.######.
#.# #.##.##
#.######.#...####
#..........#....#########
.#######.###.#(..)))....
#..#..########### ##...##
##.## #.#


There were no monsters in sight!

Vanquished Creatures
  A centaur (D:5)
  A howler monkey (D:5)
  2 orc priests (D:5)
  2 gnoll shamans (D:5)
  An orc wizard (D:5)
  3 worker ants
  A hound skeleton (D:5)
  12 gnolls (D:5)
  12 adders
  An ooze (D:1)
  4 dart slugs
  2 leopard geckos (D:4)
  3 giant cockroaches (D:1)
  7 goblins
  9 hobgoblins
  10 jackals
  3 quokkas
  A ball python (D:2)
  7 bats
  3 frilled lizards
  2 kobolds
  5 rats
92 creatures vanquished.

Notes
Turn   | Place    | Note
-------+----------+-------------------------------------------
     0 | D:1      | Elric the Minotaur Fighter began the quest for the Orb.
     0 | D:1      | Reached XP level 1. HP: 19/19 MP: 0/0
    30 | D:1      | Reached XP level 2. HP: 20/27 MP: 1/1
   458 | D:1      | Found a glowing golden altar of the Shining One.
   493 | D:1      | Became a worshipper of the Shining One
   892 | D:2      | Reached XP level 3. HP: 33/33 MP: 2/2
  1587 | D:3      | Reached XP level 4. HP: 36/40 MP: 3/3
  1600 | D:3      | Found a faded altar of an unknown god.
  1978 | D:3      | Reached XP level 5. HP: 34/47 MP: 4/4
  3118 | D:4      | Reached skill level 1 in Dodging
  3248 | D:5      | Entered Level 5 of the Dungeon
  3251 | D:5      | Noticed a centaur
  3254 | D:5      | Killed a centaur
  3254 | D:5      | Reached skill level 5 in Long Blades
  3254 | D:5      | Reached skill level 5 in Shields
  3254 | D:5      | Reached XP level 6. HP: 53/53 MP: 5/5
  3262 | D:5      | Found a deep blue altar of Sif Muna.
  3370 | D:5      | Reached skill level 5 in Fighting
  3393 | D:5      | Reached * piety under the Shining One
  3437 | D:5      | Reached XP level 7. HP: 19/62 MP: 6/6
  3875 | D:5      | HP: 3/94 [poisoned by a gnoll]
  3877 | D:5      | HP: 1/94 [poisoned by a gnoll]
  3878 | D:5      | Succumbed to a gnoll's poison

Levels and vault maps discovered:
D:1:      minmay_arrival_four_circles, layout_basic, tso_altar
D:2:      layout_loops_ring
D:3:      layout_basic, chequers_ecumenical_altar_island, first_ration,
          corexii_corridor_pit
D:4:      layout_basic
D:5:      lemuel_castle_with_subvaults [lemuel_castle_interior_carwin_2],
          layout_loops_ring, kennysheep_little_box

Skill      XL: |  1  2  3  4  5  6  7 |
---------------+----------------------+-----
Shields        | 4 5 |  5.0
Fighting       | 4 5 6 |  6.2
Armour         | 4 |  4.5
Long Blades    | 3 4 5 6 |  6.6
Dodging        | 1 |  1.2
Stealth        | |  0.5

Action                   |  1- 3 |  4- 6 |  7- 9 || total
-------------------------+-------+-------+-------++-------
Melee: Long sword        |    95 |   124 |    34 ||   253
       Headbutt          |    11 |    23 |     8 ||    42
  Use: Potion            |       |       |     3 ||     3
  Eat: Chunk             |     2 |     6 |     2 ||    10
Armor: Scale mail        |    55 |    54 |     8 ||   117
Dodge: Dodged            |    34 |    43 |     8 ||    85
Block: Shield            |    76 |    65 |    16 ||   157
       Rpst.: Long sword |     6 |    14 |     1 ||    21

Table legend:
 A = Non-vault XP
 B = Vault XP
 C = Vault XP percentage of total XP
 D = Non-vault monster count
 E = Vault monster count
 F = Vault count percentage of total count
                 A         B        C        D         E       F
            +---------+---------+-------+---------+---------+-------
      Total |     661 |     260 |  28.2 |      74 |      18 |  19.6
            +---------+---------+-------+---------+---------+-------
        D:1 |      39 |       0 |   0.0 |      20 |       0 |   0.0
        D:2 |      71 |       0 |   0.0 |      16 |       0 |   0.0
        D:3 |     114 |       0 |   0.0 |      18 |       0 |   0.0
        D:4 |      89 |       0 |   0.0 |      10 |       0 |   0.0
        D:5 |     348 |     260 |  42.8 |      10 |      18 |  64.3
            +---------+---------+-------+---------+---------+-------
